 Dungeon Crawl Stone Soup version 0.32-a0-841-g4648e6c457 (webtiles) character file.

Game seed: 14627716516088779583

4372 wildpjah the Spear-Bearer (level 10, -5/84 HPs)
             Began as a Red Draconian Artificer on Mar 26, 2024.
             Was a Believer of Okawaru.
             Slain by a yak (9 damage)
             ... on level 9 of the Dungeon.
             The game lasted 00:22:06 (8077 turns).

wildpjah the Spear-Bearer (Red Draconian Artificer) Turns: 8077, Time: 00:22:06

Health: -5/84      AC:  9    Str: 25    XL:     10   Next: 13%
Magic:  12/12      EV: 20    Int: 11    God:    Okawaru [**....]
Gold:   380        SH:  5    Dex: 12    Spells: 9/9 levels left

rFire   + . .        P - +1 spear (freeze)
rCold   . . .        v - +0 buckler
rNeg    . . .        (body armour unavailable)
rPois   .            (helmet restricted)
rElec   .            (no cloak)
rCorr   .            e - +0 pair of gloves
SInv    .            o - +0 pair of boots
Will    .....        O - amulet of regeneration
Stlth   ++++         m - +5 ring of evasion
HPRegen 1.14/turn    A - +6 ring of strength
MPRegen 0.13/turn

%: no passive effects
@: heroic
A: combustion breath, AC +7, unfitting armour, fire resistance 1, cold-blooded
a: Combustion Breath, Renounce Religion, Heroism


You were on level 9 of the Dungeon.
You worshipped Okawaru.
Okawaru was pleased with you.
You visited 2 branches of the dungeon, and saw 10 of its levels.

You collected 495 gold pieces.
You spent 115 gold pieces at shops.

Inventory:

Hand Weapons
 a - a +0 club
 d - a +5 trident
 i - a +2 dagger of distortion
 l - a +0 spear
 x - a +0 scythe
 N - a +2 spear of flaming
 P - a +1 spear of freezing (weapon)
 T - a +3 flail
 V - a +0 quarterstaff
Missiles
 t - 19 poisoned darts
 H - 3 darts of dispersal
 M - 11 boomerangs
 U - 2 throwing nets
Armour
 e - a +0 pair of gloves (worn)
 o - a +0 pair of boots (worn)
 v - a +0 buckler (worn)
Jewellery
 j - a ring of magical power
 m - a +5 ring of evasion (left hand)
 s - a ring of protection from cold
 u - a +4 ring of protection
 w - a ring of protection from cold
 A - a +6 ring of strength (right hand)
 O - an amulet of regeneration (around neck)
 R - a ring of resist corrosion
Wands
 c - a wand of charming (15)
 L - a wand of digging (5)
Scrolls
 b - 2 scrolls of blinking {unknown}
 g - 4 scrolls of butterflies {unknown}
 h - 3 scrolls of fog {unknown}
 k - 6 scrolls of immolation {unknown}
 p - 2 scrolls of noise {unknown}
 q - 2 scrolls of teleportation {unknown}
 r - 7 scrolls of identify {unknown}
 y - a scroll of poison {unknown}
 E - 2 scrolls of vulnerability {unknown}
 G - a scroll of revelation {unknown}
 K - a scroll of torment {unknown}
Potions
 f - 2 potions of berserk rage {unknown}
 n - 2 potions of curing {unknown}
 z - 4 potions of lignification {unknown}
 B - a potion of attraction {unknown}
 C - 3 potions of cancellation {unknown}
 D - a potion of ambrosia {unknown}
 F - 2 potions of might {unknown}
 I - 4 potions of heal wounds {unknown}
 J - a potion of enlightenment {unknown}
 Q - a potion of degeneration {unknown}
 S - a potion of invisibility {unknown}


   Skills:
 * Level 6.7(11.7) Fighting
 + Level 0.5(5.5) Maces & Flails
 - Level 8.6(13.6) Polearms
 + Level 0.6(5.6) Throwing
 * Level 6.9(11.9) Dodging
 + Level 4.2(9.2) Stealth
 + Level 0.1(5.1) Shields
 * Level 3.2 Invocations
 * Level 5.6 Evocations


You had 9 spell levels left.
You didn't know any spells.
Your spell library contained the following spells:

 Spells                   Type           Power      Damage    Failure   Level
 Passage of Golubria      Tloc           0%         N/A       99%         4
 Yara's Violent Unravell  Hex/Alch       0%         3d3       100%        5
 Conjure Ball Lightning   Conj/Air       0%         3x3d6     100%        6
 Discord                  Hex            0%         N/A       100%        8
 Disjunction              Tloc           0%         N/A       100%        8
 Summon Ice Beast         Ice/Summ       Unusable   N/A       N/A         3
 Tukima's Dance           Hex            Unusable   N/A       N/A         3
 Summon Mana Viper        Hex/Summ       Unusable   N/A       N/A         5
 Monstrous Menagerie      Summ           Unusable   N/A       N/A         7

Dungeon Overview and Level Annotations

Branches:
Dungeon (9/15)             Temple (1/1) D:4
   Lair: D:8-11         Orc: D:9-12

Altars:
Ashenzari
Cheibriados
Dithmenos
Elyvilon
Hepliaklqana
Kikubaaqudgha
Makhleb
Nemelex Xobeh
Okawaru
Qazlal
Ru
Sif Muna
Uskayaw
Vehumet
Wu Jian
Xom
Yredelemnul
Zin
The Shining One

Shops:
D:7 *


Innate Abilities, Weirdness & Mutations

You can breathe blasts of explosive embers.
Your fiery red scales are hard. (AC +7)
You cannot fit into any form of body armour.
Your flesh is heat resistant. (rF+)
You are cold-blooded and may be slowed by cold attacks.


Message History

The yak bellows! x2
Your tail-slap misses something.
You block something's attack. Something grabs you.
You are constricted.
You barely miss something. You barely miss something. Something hits you.
You are constricted.
You miss something. You completely miss something.
Your tail-slap misses something.
Something hits you.
You are constricted.
You miss something. You puncture something! You freeze something.
Something hits you. Something burns you.
You are constricted.
You closely miss something.
Your tail-slap misses something.
You puncture something! You freeze something. Something hits you!
Something burns you.
You are constricted.
The yak snorts and paws the ground.
You hit something. You freeze something.
Your tail-slap misses something.
You barely miss something. Something hits you. Something burns you.
You are constricted.
The yak gores you!
You miss something. You miss something. Something hits you.
You are constricted.
You block the yak's attack. The yak gores you.
The yak gores you but does no damage.
You hit something. You freeze something.
Your tail-slap misses something.
You completely miss something. Something hits you!
* * * LOW HITPOINT WARNING * * *
Something burns you.
* * * LOW HITPOINT WARNING * * *
You are constricted.
* * * LOW HITPOINT WARNING * * *
The yak gores you!
* * * LOW HITPOINT WARNING * * *
The yak gores you but does no damage. The yak gores you.
* * * LOW HITPOINT WARNING * * *
You completely miss something.
Your tail-slap misses something.
Something hits you but does no damage.
You are constricted.
You puncture something! You freeze something. Okawaru accepts your kill.
Reactivating autopickup.
You feel a bit more experienced. The yak gores you!
You die...

..........####....#####..##
..........#.#......##...##
......#..##.....#........#
...............##........#
.............####..###.##
.............####..# ###
.............#.....#
.............Y....##
.............Y@##.#
......##..###Y)#### #....
.#..##....###.###
#...........# #............
.......)......#
##.##.......... #.
........... ##..#.........


You could see 3 yaks.

Vanquished Creatures
  Erica (D:9)
  3 red devils (D:8)
  A yak (D:9)
  Sigmund (D:2)
  A steam dragon (D:7)
  A water moccasin (D:8)
  Duvessa (D:4)
  A sky beast (D:7)
  4 ice beasts
  3 ogres
  2 orc warriors
  3 black bears (D:5)
  2 phantoms
  2 centaurs (D:7)
  A kobold brigand (D:8)
  3 bullfrogs
  A gnoll sergeant (D:8)
  2 scorpions (D:5)
  Dowan (D:4)
  5 killer bees (D:8)
  A bombardier beetle (D:4)
  3 hounds
  A sleepcap (D:8)
  2 orc priests
  Jessica (D:2)
  Terence (D:2)
  2 iguanas
  9 orc wizards
  12 gnolls
  9 adders
  2 shadow imps
  A white imp (D:6)
  2 ribbon worms
  3 dart slugs (D:2)
  26 orcs
  3 bats
  5 endoplasms
  3 giant cockroaches
  14 goblins
  11 hobgoblins
  3 jackals (D:1)
  14 kobolds
  6 quokkas
  10 ball pythons
  4 frilled lizards
  3 rats
190 creatures vanquished.

Vanquished Creatures (others)
  A gnoll bouda (D:7)
  3 gnolls (D:7)
4 creatures vanquished.

Grand Total: 194 creatures vanquished

Notes
Turn   | Place    | Note
-------+----------+-------------------------------------------
     0 | D:1      | wildpjah the Draconian Artificer began the quest for the
                  | Orb.
     0 | D:1      | Reached XP level 1. HP: 16/16 MP: 1/1
   212 | D:1      | Reached XP level 2. HP: 19/23 MP: 2/2
   508 | D:1      | Reached XP level 3. HP: 27/28 MP: 3/3
   721 | D:2      | Noticed Jessica
   725 | D:2      | Killed Jessica
   726 | D:2      | Reached skill level 1 in Stealth
   785 | D:2      | Reached XP level 4. HP: 35/35 MP: 4/4
   822 | D:2      | Found a faded altar of an unknown god.
  1016 | D:2      | Reached skill level 1 in Polearms
  1155 | D:2      | Noticed Terence
  1161 | D:2      | Killed Terence
  1407 | D:2      | Reached XP level 5. HP: 41/41 MP: 5/5
  1458 | D:2      | Noticed Sigmund
  1619 | D:2      | Noticed a phantom
  1646 | D:2      | Killed a phantom
  1647 | D:2      | Reached skill level 2 in Polearms
  1833 | D:2      | HP: 2/41 [Sigmund/+0 scythe (5)]
  1834 | D:2      | Killed Sigmund
  1835 | D:2      | Reached skill level 3 in Polearms
  1835 | D:2      | Reached XP level 6. HP: 3/50 MP: 6/6
  2367 | D:3      | Found a shadowy altar of Dithmenos.
  2495 | D:3      | Found a shimmering blue altar of Sif Muna.
  2496 | D:3      | Found a glowing golden altar of the Shining One.
  2810 | D:3      | Found a hide-covered altar of Uskayaw.
  2952 | D:4      | Noticed Duvessa
  2952 | D:4      | Noticed Dowan
  3062 | D:4      | Reached skill level 4 in Polearms
  3062 | D:4      | Your scales start taking on a fiery red colour.
  3062 | D:4      | Reached XP level 7. HP: 25/57 MP: 7/7
  3062 | D:4      | Gained mutation: Your flesh is heat resistant. (rF+) [Red
                  | Draconian growth]
  3326 | D:4      | Killed Duvessa
  3329 | D:4      | Killed Dowan
  3525 | D:4      | You fall into a shaft and drop 3 floors!
  3574 | D:7      | Reached skill level 5 in Polearms
  3708 | D:5      | Entered Level 5 of the Dungeon
  3734 | D:5      | Reached XP level 8. HP: 65/66 MP: 8/8
  3768 | D:5      | Reached skill level 6 in Polearms
  3888 | D:5      | Reached skill level 5 in Dodging
  4020 | D:4      | Found a staircase to the Ecumenical Temple.
  4042 | Temple   | Entered the Ecumenical Temple
  4050 | Temple   | Became a worshipper of Warmaster Okawaru
  4963 | D:5      | Reached skill level 7 in Polearms
  5333 | D:6      | Found a sparkling altar of Nemelex Xobeh.
  5560 | D:6      | Reached * piety under Okawaru
  5749 | D:7      | Reached skill level 1 in Invocations
  5874 | D:7      | Reached XP level 9. HP: 69/73 MP: 9/9
  6104 | D:7      | Reached skill level 5 in Fighting
  6565 | D:7      | Found Dofeke's Assorted Antiques.
  6573 | D:7      | Bought a thick blue amulet for 115 gold pieces
  6923 | D:8      | Identified the +1 scale mail of Shrieking Contentment
                  | {rElec rF- Int-5 Stlth+}
  6939 | D:8      | Reached ** piety under Okawaru
  6940 | D:8      | Reached skill level 5 in Evocations
  7106 | D:8      | Reached skill level 8 in Polearms
  7743 | D:8      | Noticed a red devil
  7744 | D:8      | Noticed a red devil
  7744 | D:8      | Noticed a red devil
  7768 | D:8      | Killed a red devil
  7769 | D:8      | Killed a red devil
  7770 | D:8      | Reached XP level 10. HP: 41/84 MP: 10/12
  7930 | D:9      | Noticed Erica
  8075 | D:9      | HP: 3/84 [yak (5)]
  8077 | D:9      | Killed Erica
  8077 | D:9      | Slain by a yak

Illustrated notes

Levels and vault maps discovered:
D:1:      zelgadis_glass_arrival_small, layout_rooms, minmay_domino_4
D:2:      minmay_razor_zed, layout_basic, basic_ecumenical_altar, uniq_sigmund,
          uniq_jessica, uniq_terence
D:3:      layout_basic, mainiacjoe_overflow_tiny_flanked,
          nicolae_uskayaw_suspiria, mainiacjoe_overflow_divided_tiny
D:4:      layout_basic, temple_pool_b, uniq_duvessa
D:5:      layout_basic
D:6:      layout_gridville, old_standard_altar
D:7:      layout_cave_pods, serial_shops, shop, dreamdust_mushroom_princess
D:8:      layout_basic, einodemon_armed_red_devil_minivault
D:9:      cheibrodos_statue_roulette, layout_cave_pools, kennysheep_mini,
          minmay_three_doors, uniq_erica
Temple:   eino_temple_lava

Skill      XL: |  1  2  3  4  5  6  7  8  9 |
---------------+----------------------------+-----
Dodging        | 3 4 5 6 |  6.9
Stealth        | 1 2 3 4 |  4.2
Polearms       | 1 3 4 5 7 8 |  8.6
Fighting       | 2 3 4 6 |  6.7
Evocations     | 4 5 |  5.6
Invocations    | 1 3 |  3.2
Maces & Flails | |  0.5
Throwing       | |  0.6
Shields        | |  0.1

Action                     |  1- 3 |  4- 6 |  7- 9 | 10-12 || total
---------------------------+-------+-------+-------+-------++-------
  Melee: Club              |    24 |       |       |       ||    24
         Spear             |   110 |   182 |   157 |    46 ||   495
         Tailslap          |     7 |    31 |    48 |     1 ||    87
         Halberd           |       |   113 |   252 |       ||   365
  Throw: Dart              |       |       |     9 |     2 ||    11
         Throwing net      |       |       |       |     3 ||     3
 Invoke: Heroism           |       |       |     1 |     1 ||     2
Ability: Combustion Breath |       |       |     3 |     1 ||     4
  Evoke: Wand              |     5 |     8 |     7 |       ||    20
   Stab: Sleeping          |     1 |     3 |     5 |     1 ||    10
         Distracted        |       |       |     1 |       ||     1
         Held in net/web   |       |       |       |     2 ||     2
 Armour: Skin              |    98 |   168 |   205 |    30 ||   501
  Dodge: Dodged            |    81 |   177 |   299 |     7 ||   564
  Block: Buckler           |       |       |       |     5 ||     5

Table legend: (Time is in decaauts)
 A = Elapsed time spent in this place.
 B = Non-inter-level travel time spent in this place.
 C = Inter-level travel time spent in this place.
 D = Time resting spent in this place.
 E = Time spent auto-exploring this place.
 F = Levels seen in this place.
 G = Mean time per level.
                   A        B        C        D        E       F      G
               +--------+--------+--------+--------+--------+-----+--------+
         Total |   8132 |   7881 |    251 |    121 |   5970 |  10 |  813.2 |
       Dungeon |   8115 |   7864 |    251 |    121 |   5970 |   9 |  901.7 |
        Temple |     16 |     16 |      0 |      0 |      0 |   1 |   16.0 |
               +--------+--------+--------+--------+--------+-----+--------+

Top non-repeatable levels by time:
     D:2: 1609 daAuts
     D:7: 1342 daAuts
     D:5: 1105 daAuts
     D:4: 1000 daAuts
     D:8: 984 daAuts
     D:3: 754 daAuts
     D:1: 670 daAuts
     D:6: 536 daAuts
     D:9: 111 daAuts
  Temple: 16 daAuts
